Map: [ESL] Altitude

Players

Hellraiser

  • Race: Protoss Protoss
  • Spawn Location: 7:00

Clem - Winner!

  • Race: Terran Terran
  • Spawn Location: 1:00

Event: ESL SC2 Masters 2023 Summer (Regionals)

VOD

Have the link to the VOD?

Description

Time

  • Played on: May 9, 2023, 9:12 a.m.
  • Length: 10:45

All games in this series

Show
View Real Time Build Order
Export as new Build Order

Hellraiser Protoss 

Build Orders: 1 Gate Expand, Phoenix Opening, Colossus Rush 

Get SALT Encoding   

  12  0:00  Probe  
  13  0:12  Probe  
  14  0:18  Pylon  
  14  0:24  Probe (Chrono Boost)  
  15  0:37  Probe (Chrono Boost), Gateway  
  16  0:44  Probe (Chrono Boost)  
  16  0:46  Assimilator  
  17  0:51  Probe  
  18  1:03  Probe  
  19  1:15  Probe  
  20  1:23  Cybernetics Core  
  20  1:35  Nexus  
  20  1:44  Pylon  
  20  1:45  Probe  
  21  1:52  Assimilator  
  21  1:57  Stalker (Chrono Boost)  
  23  2:03  Probe (Chrono Boost)  
  24  2:14  Probe (Chrono Boost)  
  25  2:19  Probe (Chrono Boost)  
  25  2:22  Stargate  
  26  2:29  Probe  
  27  2:31  Adept  
  27  2:35  Warp Gate  
  30  2:44  Probe (Chrono Boost)  
  30  2:48  Probe (Chrono Boost)  
  31  2:57  Probe (Chrono Boost)  
  31  2:58  Probe (Chrono Boost)  
  33  3:01  Adept  
  33  3:02  Probe (Chrono Boost)  
  36  3:05  Probe  
  36  3:06  Phoenix (Chrono Boost)  
  39  3:15  Probe, Assimilator  
  39  3:18  Probe  
  41  3:24  Phoenix (Chrono Boost)  
  43  3:28  Probe  
  43  3:31  Probe, Pylon  
  45  3:39  Robotics Facility  
  45  3:40  Probe  
  46  3:49  Probe  
  46  3:52  Probe  
  46  3:54  Shield Battery  
  48  3:57  Gateway  
  48  3:59  Phoenix (Chrono Boost)  
  48  4:02  Probe  
  51  4:04  Probe  
  51  4:09  Pylon  
  52  4:15  Phoenix (Chrono Boost), Assimilator  
  54  4:27  Probe x2  
  54  4:28  Observer  
  57  4:32  Robotics Bay  
  57  4:39  Probe  
  57  4:40  Probe  
  57  4:41  Pylon  
  57  4:42  Phoenix  
  61  4:52  Probe  
  62  4:56  Immortal (Chrono Boost)  
  62  4:57  Pylon  
  62  4:59  Probe  
  67  5:04  Probe  
  68  5:08  Pylon  
  68  5:11  Probe  
  68  5:16  Probe  
  69  5:23  Probe  
  69  5:26  Phoenix  
  73  5:28  Colossus (Chrono Boost)  
  78  5:43  Extended Thermal Lance  
  78  5:47  Stalker  
  78  5:48  Stalker  
  82  5:51  Pylon  
  82  5:54  Phoenix  
  82  5:56  Probe x2  
  86  6:00  Pylon  
  86  6:03  Pylon  
  86  6:05  Forge, Colossus (Chrono Boost)  
  92  6:17  Probe x2  
  94  6:19  Phoenix  
  94  6:21  Zealot  
  94  6:22  Zealot  
  100  6:37  Nexus  
  100  6:39  Protoss Ground Weapons Level 1  
  100  6:46  Pylon  
  103  6:48  Colossus (Chrono Boost)  
  106  6:55  Phoenix  
  106  6:57  Probe  
  106  6:58  Probe  
  110  7:06  Shield Battery  
  110  7:09  Probe  
  110  7:11  Probe  
  112  7:21  Probe  
  112  7:22  Phoenix, Twilight Council, Observer  
  115  7:23  Probe, Shield Battery  
  116  7:32  Gateway  
  116  7:33  Probe  
  116  7:34  Gateway  
  116  7:35  Probe  
  118  7:41  Pylon  
  118  7:47  Protoss Air Weapons Level 1, Assimilator  
  118  7:48  Phoenix  
  118  7:49  Observer (Chrono Boost)  
  118  7:50  Probe  
  118  7:51  Assimilator  
  122  7:52  Probe x2  
  122  7:58  Charge (Chrono Boost)  
  124  8:02  Probe  
  124  8:04  Immortal (Chrono Boost)  
  129  8:10  Probe  
  128  8:14  Probe  
  128  8:16  Phoenix, Probe  
  132  8:33  Nexus  
  132  8:34  Pylon, Colossus (Chrono Boost)  
  132  8:38  Stalker  
  132  8:41  Pylon x2  
  140  8:54  Pylon  
  140  8:55  Pylon, Gateway  
  139  8:59  Zealot x2, Sentry  
  139  9:01  Stalker  
  147  9:04  Phoenix (Chrono Boost)  
  149  9:13  Fleet Beacon  
  149  9:16  Observer (Chrono Boost)  
  150  9:19  Shield Battery  
  150  9:21  Shield Battery  
  150  9:22  Photon Cannon  
  150  9:23  Phoenix  
  152  9:32  Stargate, Observer (Chrono Boost)  
  152  9:36  Zealot  
  152  9:37  Probe x2  
  157  9:42  Pylon  
  157  9:48  Phoenix  
  157  9:50  Pylon, Zealot x3  
  149  10:04  Zealot x2  
  149  10:06  Probe x2  
  153  10:11  Zealot x2  
  153  10:13  Phoenix  
  153  10:14  Stalker  
  143  10:30  Zealot x2  
Show
View Real Time Build Order
Export as new Build Order

Clem Terran - Winner!

Build Orders: Reaper Expand 

Get SALT Encoding   

  12  0:00  SCV  
  13  0:12  SCV  
  14  0:17  Supply Depot  
  14  0:24  SCV  
  15  0:39  SCV  
  15  0:40  Barracks  
  16  0:44  Refinery  
  16  0:51  SCV  
  17  1:03  SCV  
  18  1:15  SCV  
  19  1:27  Orbital Command, Reaper  
  20  1:43  Command Center  
  20  1:52  SCV  
  21  1:56  Supply Depot  
  21  1:59  Marine  
  22  2:05  SCV  
  23  2:11  Factory  
  23  2:17  SCV  
  23  2:21  Barracks Reactor  
  24  2:24  Bunker  
  24  2:29  SCV  
  25  2:36  Barracks  
  25  2:42  SCV  
  25  2:43  Refinery  
  26  2:54  SCV  
  26  2:57  Orbital Command, Factory Tech Lab  
  27  2:59  Marine  
  27  3:03  Marine  
  29  3:06  SCV  
  30  3:15  Cyclone  
  30  3:18  SCV  
  34  3:23  SCV, Barracks Tech Lab, Marine  
  34  3:25  Marine  
  37  3:30  SCV  
  37  3:33  Supply Depot  
  38  3:35  SCV  
  39  3:41  Stimpack, Marine  
  39  3:42  SCV  
  39  3:45  Marine x2  
  44  3:48  SCV  
  44  3:53  Barracks  
  44  3:55  SCV  
  45  4:00  Marine, SCV  
  47  4:03  Marine  
  47  4:07  SCV  
  47  4:08  Starport  
  49  4:10  Supply Depot  
  49  4:12  Factory Reactor  
  49  4:14  SCV  
  49  4:15  Marine  
  51  4:19  Marine  
  51  4:20  SCV  
  53  4:25  Engineering Bay  
  53  4:26  SCV  
  53  4:31  Marine, Refinery  
  54  4:33  Marine  
  54  4:34  SCV  
  54  4:36  Supply Depot  
  54  4:37  Marine  
  58  4:39  SCV  
  59  4:46  SCV  
  59  4:49  Combat Shield  
  59  4:51  Terran Infantry Weapons Level 1, Marauder  
  62  4:56  Refinery  
  62  4:57  Supply Depot  
  62  4:58  SCV, Marine  
  62  4:59  Marine  
  65  5:02  SCV  
  68  5:07  Marauder  
  68  5:08  Medivac  
  70  5:15  Supply Depot  
  70  5:18  SCV, Medivac  
  70  5:20  Supply Depot  
  73  5:21  Factory Reactor  
  73  5:24  Marine x2  
  73  5:25  SCV  
  76  5:29  Marauder, Supply Depot  
  76  5:33  SCV  
  76  5:35  Concussive Shells  
  78  5:37  Marauder, SCV  
  81  5:45  SCV  
  81  5:46  Marine x2  
  85  5:50  SCV  
  85  5:53  Marine  
  86  5:58  Marine  
  86  5:59  Command Center  
  86  6:02  Missile Turret x2  
  87  6:04  Marine, Supply Depot  
  87  6:05  Marine  
  87  6:07  SCV  
  87  6:09  SCV  
  91  6:15  Medivac x2  
  91  6:17  Widow Mine  
  97  6:19  Widow Mine  
  97  6:22  Supply Depot  
  97  6:23  Marine x2  
  101  6:27  Marauder  
  101  6:28  Marine  
  104  6:37  Barracks x2  
  104  6:45  Widow Mine x2, Viking  
  110  6:50  Viking  
  110  6:54  Marauder  
  114  7:00  Marine x2  
  116  7:03  Supply Depot  
  116  7:04  Marauder  
  116  7:05  SCV  
  116  7:06  SCV  
  115  7:14  Widow Mine x2  
  115  7:17  Marine, SCV  
  115  7:18  Marine  
  115  7:20  SCV  
  118  7:27  Barracks Reactor, Barracks Tech Lab  
  118  7:28  Viking  
  118  7:29  SCV  
  121  7:32  Orbital Command  
  121  7:33  SCV  
  122  7:37  Missile Turret  
  122  7:41  Viking  
  122  7:43  SCV  
  125  7:45  SCV, Terran Infantry Armor Level 1  
  126  7:51  Supply Depot  
  126  7:52  Marauder  
  126  7:53  Marauder  
  126  7:54  Marauder  
  126  7:55  SCV  
  126  7:57  SCV  
  135  7:58  SCV  
  135  8:07  SCV  
  135  8:09  SCV  
  135  8:10  SCV, Viking, Ghost Academy, Supply Depot  
  140  8:15  Viking  
  140  8:17  Supply Depot  
  140  8:19  SCV  
  143  8:20  Refinery x2  
  143  8:21  SCV  
  143  8:22  SCV  
  143  8:24  Supply Depot  
  143  8:26  Widow Mine x2  
  149  8:32  Marauder x3  
  154  8:35  Starport  
  154  8:41  Command Center  
  154  8:43  SCV x2  
  154  8:46  Marine x2  
  154  8:48  Viking  
  160  8:50  Viking  
  160  8:55  Ghost  
  164  8:57  Supply Depot  
  164  8:58  Ghost  
  164  9:01  Ghost  
  168  9:06  Supply Depot  
  168  9:11  Armory  
  168  9:13  Engineering Bay  
  168  9:17  Viking  
  168  9:18  Viking  
  168  9:20  Viking  
  168  9:23  Viking  
  176  9:26  Ghost  
  176  9:28  Ghost  
  180  9:32  Ghost  
  180  9:37  Supply Depot  
  182  9:39  SCV x3  
  182  9:44  Starport  
  184  9:46  Marine x2  
  184  9:47  Marine x2  
  188  9:55  Marine, Viking  
  188  9:59  Viking x2  
  186  10:06  Marine  
  186  10:07  Marine x3, Refinery  
  187  10:09  Refinery  
  187  10:10  Viking  
  192  10:15  Ghost  
Tags
 
Add a new tag
Caveats
  • Supply blocks, unpowered buildings, or Contaminate may cause inaccurate times.
  • Supply counts are checked every 10 seconds.